 Dungeon Crawl Stone Soup version 0.20.1-1-g8b1a95d (webtiles) character file.

8393 n0claF the Thaumaturge (level 11, -7/57 HPs)
             Began as a Deep Elf Summoner on Oct 27, 2017.
             Was a High Priest of Sif Muna.
             Mangled by an orc warrior
             ... wielding a +0 halberd
             ... led by an orc knight
              (20 damage)
             ... on level 1 of the Orcish Mines on Oct 30, 2017.
             The game lasted 01:15:32 (12018 turns).

n0claF the Thaumaturge (Deep Elf Summoner)         Turns: 12018, Time: 01:15:33

Health: -7/57      AC: 10    Str:  5    XL:     11   Next: 9%
Magic:  15/30      EV: 10    Int: 27    God:    Sif Muna [*****.]
Gold:   574        SH:  0    Dex: 15    Spells: 23/36 levels left

rFire    . . .     SeeInvis +   U - +0 demon trident
rCold    . . .     Gourm    .   (no shield)
rNeg     . . .     Faith    .   Q - +4 ring mail
rPois    .         Spirit   .   (helmet restricted)
rElec    .         Reflect  .   R - +0 cloak
rCorr    .         Harm     .   (no gloves)
MR       +....                  (no boots)
Stlth    ++........             u - amulet of regeneration
Regen    0.6/turn               d - ring of see invisible
MPRegen  0.3/turn               L - +3 ring of intelligence

@: divine energy
A: horns 1
a: Stop Divine Energy, Channel Magic, Forget Spell, Renounce Religion


You were on level 1 of the Orcish Mines.
You worshipped Sif Muna.
Sif Muna was extremely pleased with you.
You were not hungry.

You visited 3 branches of the dungeon, and saw 13 of its levels.

You collected 574 gold pieces.

Inventory:

Hand Weapons
 U - a +0 demon trident (weapon)
Armour
 Q - a +4 ring mail (worn)
 R - a +0 cloak (worn)
Jewellery
 d - a ring of see invisible (left hand)
 p - an uncursed ring of poison resistance
 u - an amulet of regeneration (around neck)
 w - an uncursed ring of protection from fire
 y - an uncursed ring of protection from cold
 L - a +3 ring of intelligence (right hand)
Wands
 t - a wand of polymorph (17/24)
 x - a wand of random effects (19/48)
 J - a wand of flame (23/48)
 V - a wand of iceblast (11/15)
 X - a wand of acid (3/15)
Scrolls
 g - 8 scrolls of remove curse
 l - 3 scrolls of blinking {unknown}
 n - 2 scrolls of random uselessness {unknown}
 o - 3 scrolls of enchant armour {unknown}
 q - 2 scrolls of magic mapping {unknown}
 r - a scroll of fog {unknown}
 D - 3 scrolls of teleportation {unknown}
 E - 2 scrolls of fear {unknown}
 F - 3 scrolls of amnesia {unknown}
 G - a scroll of noise {unknown}
 I - a scroll of immolation {unknown}
 M - 3 scrolls of recharging {unknown}
 O - a scroll of vulnerability {unknown}
 S - a scroll of silence {unknown}
 Z - a scroll of enchant weapon {unknown}
Potions
 e - 2 potions of haste
 i - 2 potions of invisibility
 j - a potion of ambrosia
 m - 6 potions of curing
 s - 3 potions of heal wounds
 v - 4 potions of brilliance
 z - 3 potions of flight
 A - 2 potions of mutation
 H - a potion of berserk rage
 K - a potion of lignification
 N - 2 potions of agility
Books
 b - a book of Callings

   Spells                             Type                      Level
   a - Summon Small Mammal            Summoning                    1
   b - Call Imp                       Summoning                    2
   c - Call Canine Familiar           Summoning                    3
   d - Summon Guardian Golem          Hexes/Summoning              3
   e - Summon Lightning Spire         Summoning/Air                4
   f - Summon Ice Beast               Ice/Summoning                4
 B - a book of Cantrips

   Spells                             Type                      Level
   a - Confusing Touch                Hexes                        1
   b - Animate Skeleton               Necromancy                   1
   c - Summon Small Mammal            Summoning                    1
   d - Apportation                    Translocation                1
 C - a book of Air

   Spells                             Type                      Level
   a - Shock                          Conjuration/Air              1
   b - Swiftness                      Charms/Air                   2
   c - Static Discharge               Conjuration/Air              3
   d - Airstrike                      Air                          4
   e - Lightning Bolt                 Conjuration/Air              5
 W - a Young Poisoner's Handbook

   Spells                             Type                      Level
   a - Sting                          Conjuration/Poison           1
   b - Poisonous Vapours              Poison/Air                   2
   c - Mephitic Cloud                 Conjuration/Poison/Air       3
   d - Olgreb's Toxic Radiance        Poison                       4
   e - Venom Bolt                     Conjuration/Poison           5
 Y - a book of Burglary

   Spells                             Type                      Level
   a - Swiftness                      Charms/Air                   2
   b - Passwall                       Transmutation/Earth          2
   c - Passage of Golubria            Translocation                4
   d - Lee's Rapid Deconstruction     Earth                        5
   e - Darkness                       Hexes                        6
   f - Invisibility                   Hexes                        6
Comestibles
 c - 10 bread rations
 f - 8 fruits
 h - 8 meat rations


   Skills:
 + Level 2.1 Fighting
 + Level 3.8 Polearms
 + Level 3.1 Armour
 + Level 3.7 Dodging
 + Level 4.2 Stealth
 + Level 13.4 Spellcasting
 + Level 10.5 Summonings
 + Level 7.2 Ice Magic


You had 23 spell levels left.
You knew the following spells:

 Your Spells              Type           Power        Failure   Level  Hunger
a - Swiftness             Chrm/Air       ###.....     21%         2    None
b - Call Imp              Summ           ######..     1%          2    None
c - Call Canine Familiar  Summ           ######..     1%          3    None
d - Summon Ice Beast      Ice/Summ       ######..     3%          4    None
e - Passwall              Tmut/Erth      ###.......   21%         2    None


Dungeon Overview and Level Annotations

Branches:
Dungeon (11/15)            Temple (1/1) D:5            Lair (0/6) D:10
    Orc (1/2) D:11

Altars:
Ashenzari
Cheibriados
Dithmenos
Elyvilon
Fedhas
Gozag
Hepliaklqana
Kikubaaqudgha
Makhleb
Nemelex Xobeh
Okawaru
Qazlal
Ru
Sif Muna
Trog
Uskayaw
Vehumet
Xom
Yredelemnul
Zin
The Shining One
Beogh

Annotations:
D:9 exclusion: orange crystal statue


Innate Abilities, Weirdness & Mutations

You have a pair of small horns on your head.


Message History

Your ice beast hits the orc warrior but does no damage.
Your ice beast hits the orc warrior.
Your ice beast freezes the orc warrior!!
Your ice beast hits the orc warrior but does no damage.
You feel much better.
Your wolf bites the orc warrior.
The orc priest begins to cast a cantrip, but forgets the words!
The orc warrior closely misses you.
The orc warrior hits you from afar with a halberd!
* * * LOW HITPOINT WARNING * * *
The orc knight barely misses your ice beast.
The orc warrior barely misses your wolf.
The orc warrior closely misses you.
Your crimson imp hits the orc warrior but does no damage.
Your ice beast hits the orc warrior but does no damage. x3
Your wolf misses the orc warrior. The orc warrior closely misses you.
Your wolf bites the orc warrior.
The orc warrior dies!
Sif Muna accepts your kill.
The orc warrior hits you from afar with a halberd!!
You die...

.###............
..#.............
...#............
..#.#...........
.....#..........
.#..............
#.......Y.......
#...h.@Y>......
......5ooh......
.......ooY......
..........o....#
............$...
##$............#
.............###
....#....$.###


You could see an orc knight, a warg, 3 orc warriors, an orc priest, 3 friendly
ice beasts, a friendly wolf and a friendly crimson imp.

Vanquished Creatures
  A centaur zombie (D:11)
  A yak (D:9)
  A wolf (D:8)
  A centaur (D:11)
  A killer bee (D:9)
  An orc priest (D:5)
  An orc wizard (D:11)
  A worker ant (D:7)
  2 adders
  4 orcs
14 creatures vanquished.

Vanquished Creatures (collateral kills)
  Erolcha (D:9)
  4 two-headed ogres
  An unseen horror (D:11)
  Pikel (D:9)
  A deep elf mage (D:6)
  A manticore (D:11)
  Joseph (D:7)
  A gargoyle (D:11)
  3 trolls
  Grinder (D:4)
  3 hippogriffs
  A shadow (D:11)
  9 yaks
  Grum (D:8)
  5 hungry ghosts
  3 orc warriors
  3 ice beasts
  5 sky beasts
  5 black bears
  A phantom (D:11)
  3 wolves (D:8)
  3 centaurs
  5 ogres
  2 big kobolds
  Blork the orc (D:6)
  7 bullfrogs
  A gnoll sergeant (D:8)
  2 wyvern skeletons (D:10)
  A water moccasin skeleton (D:7)
  3 scorpions
  3 wights (D:7)
  7 killer bees
  2 howler monkeys
  10 crimson imps
  A bullfrog zombie (D:11)
  3 jellies
  A bullfrog skeleton (D:8)
  A centaur zombie (D:11)
  2 orc priests (D:11)
  3 hounds
  An iguana (D:7)
  9 orc wizards
  2 centaur skeletons
  Jessica (D:2)
  6 worker ants
  A hound skeleton (D:10)
  2 worker ant zombies
  12 gnolls
  15 adders
  2 shadow imps
  An ooze (D:1)
  An adder zombie (D:5)
  3 adder skeletons
  5 worms
  2 dart slugs (D:2)
  3 leopard geckos
  20 orcs
  11 bats
  5 giant cockroaches
  5 goblins
  7 hobgoblins
  9 jackals
  21 kobolds
  4 quokkas
  A ball python (D:2)
  2 frilled lizards
  A leopard gecko skeleton (D:6)
  A quokka zombie (D:5)
  9 rats
274 creatures vanquished.

Vanquished Creatures (others)
  A yak (D:9)
  3 slaves (D:9)
  2 bushes (D:4)
6 creatures vanquished.

Grand Total: 294 creatures vanquished

Notes
Turn   | Place    | Note
-------+----------+-------------------------------------------
     0 | D:1      | n0claF the Deep Elf Summoner began the quest for the Orb.
     0 | D:1      | Reached XP level 1. HP: 10/10 MP: 6/6
   319 | D:1      | Reached XP level 2. HP: 8/15 MP: 5/8
   350 | D:1      | Learned a level 2 spell: Call Imp
  1702 | D:2      | Reached skill level 4 in Spellcasting
  1926 | D:2      | Reached XP level 3. HP: 18/19 MP: 2/10
  1986 | D:2      | Noticed Jessica
  1999 | D:2      | Killed Jessica
  1999 | D:2      | Reached skill level 5 in Summonings
  2224 | D:2      | Learned a level 3 spell: Call Canine Familiar
  2492 | D:2      | Reached XP level 4. HP: 19/24 MP: 8/12
  2590 | D:2      | Learned a level 4 spell: Summon Ice Beast
  2968 | D:3      | Found an iron altar of Okawaru.
  3394 | D:3      | Noticed an ogre
  3406 | D:3      | Killed an ogre
  3406 | D:3      | Reached skill level 5 in Spellcasting
  3622 | D:3      | Found a faded altar of an unknown god.
  3657 | D:3      | Reached XP level 5. HP: 15/28 MP: 1/14
  4087 | D:4      | Noticed Grinder
  4090 | D:4      | Paralysed by Grinder for 3 turns
  4100 | D:4      | Killed Grinder
  4100 | D:4      | Reached skill level 1 in Ice Magic
  4471 | D:4      | Reached XP level 6. HP: 33/33 MP: 8/16
  5224 | D:4      | Reached skill level 6 in Spellcasting
  5731 | D:5      | Entered Level 5 of the Dungeon
  5827 | D:5      | Found a shimmering altar of Xom.
  5956 | D:5      | Noticed an ice beast
  5967 | D:5      | Killed an ice beast
  5967 | D:5      | Reached skill level 1 in Armour
  6114 | D:5      | Found a staircase to the Ecumenical Temple.
  6123 | Temple   | Entered the Ecumenical Temple
  6341 | Temple   | Became a worshipper of Sif Muna the Loreminder
  6477 | D:5      | Reached XP level 7. HP: 37/37 MP: 11/18
  6757 | D:6      | Reached skill level 7 in Spellcasting
  6757 | D:6      | Reached skill level 1 in Polearms
  6766 | D:6      | Noticed Blork the orc
  6779 | D:6      | Killed Blork the orc
  6928 | D:6      | Found an ancient bone altar of Kikubaaqudgha.
  6958 | D:6      | Found a shattered altar of Ashenzari.
  7018 | D:6      | Reached * piety under Sif Muna
  7205 | D:6      | Reached skill level 8 in Spellcasting
  7205 | D:6      | Reached XP level 8. HP: 42/42 MP: 18/22
  7365 | D:6      | Noticed a deep elf mage
  7374 | D:6      | Killed a deep elf mage
  7374 | D:6      | Reached skill level 1 in Fighting
  7724 | D:7      | Reached ** piety under Sif Muna
  7815 | D:7      | Found a sacrificial altar of Ru.
  7821 | D:7      | Noticed a hippogriff
  7836 | D:7      | Killed a hippogriff
  7840 | D:7      | Reached skill level 9 in Spellcasting
  7900 | D:7      | Noticed Joseph
  7923 | D:7      | Killed Joseph
  8334 | D:8      | Found a shadowy altar of Dithmenos.
  8360 | D:8      | Reached XP level 9. HP: 47/47 MP: 14/24
  8430 | D:8      | Found a basalt altar of Yredelemnul.
  8496 | D:8      | Reached skill level 10 in Spellcasting
  8517 | D:8      | Noticed a two-headed ogre
  8525 | D:8      | Killed a two-headed ogre
  8526 | D:8      | Reached *** piety under Sif Muna
  8925 | D:8      | Reached skill level 5 in Ice Magic
  9020 | D:8      | Reached skill level 11 in Spellcasting
  9044 | D:8      | Noticed Grum
  9059 | D:8      | Killed Grum
  9269 | D:9      | Noticed Pikel
  9307 | D:9      | Killed Pikel
  9307 | D:9      | Reached **** piety under Sif Muna
  9373 | D:9      | Reached XP level 10. HP: 53/53 MP: 16/27
  9388 | D:9      | Noticed a two-headed ogre
  9392 | D:9      | Found a glowing golden altar of the Shining One.
  9393 | D:9      | Killed a two-headed ogre
  9477 | D:9      | Reached skill level 12 in Spellcasting
  9490 | D:9      | Noticed a two-headed ogre
  9502 | D:9      | Killed a two-headed ogre
  9658 | D:9      | Noticed an orange crystal statue
  9665 | D:9      | Noticed Erolcha
  9678 | D:9      | Killed Erolcha
 10096 | D:10     | Entered Level 10 of the Dungeon
 10111 | D:10     | Found a staircase to the Lair.
 10204 | D:10     | Noticed a two-headed ogre
 10208 | D:10     | Killed a two-headed ogre
 10208 | D:10     | Reached skill level 10 in Summonings
 10251 | D:10     | Reached ***** piety under Sif Muna
 10619 | D:10     | Learned a level 2 spell: Swiftness
 11068 | D:11     | Noticed an unseen horror
 11075 | D:11     | Killed an unseen horror
 11075 | D:11     | Reached skill level 13 in Spellcasting
 11132 | D:11     | Received a gift from Sif Muna
 11138 | D:11     | Learned a level 2 spell: Passwall
 11267 | D:11     | Noticed a gargoyle
 11283 | D:11     | Killed a gargoyle
 11554 | D:11     | Gained mutation: You have a pair of small horns on your head. [mutagenic meat]
 11618 | D:11     | Found a staircase to the Orcish Mines.
 11631 | D:11     | Found a roughly hewn altar of Beogh.
 11740 | D:11     | Reached XP level 11. HP: 57/57 MP: 16/30
 12009 | Orc:1    | Entered Level 1 of the Orcish Mines
 12009 | Orc:1    | Noticed an orc knight
 12018 | Orc:1    | Mangled by an orc warrior

Skill      XL: |  1  2  3  4  5  6  7  8  9 10 |
---------------+-------------------------------+-----
Spellcasting   | 4 5 6 8 9 11 13 | 13.4
Summonings     | 5 6 7 8 9 10 | 10.5
Ice Magic      | 1 3 4 5 7 |  7.2
Stealth        | 3 4 |  4.2
Armour         | 1 2 3 |  3.1
Polearms       | 1 2 3 |  3.8
Fighting       | 1 2 |  2.1
Dodging        | 3 |  3.7

Action                   |  1- 3 |  4- 6 |  7- 9 | 10-12 || total
-------------------------+-------+-------+-------+-------++-------
Melee: Halberd           |       |    20 |    87 |    52 ||   159
       Demon trident     |       |       |       |    23 ||    23
 Cast: Summon Small Mamm |    22 |       |       |       ||    22
       Call Imp          |    36 |     6 |     1 |     9 ||    52
       Call Canine Famil |     5 |    31 |    32 |    19 ||    87
       Summon Ice Beast  |       |    23 |    58 |    60 ||   141
Invok: Divine Energy     |       |       |     1 |       ||     1
       Forget Spell      |       |       |       |     1 ||     1
  Use: Scroll            |     1 |       |       |    10 ||    11
       Potion            |       |       |       |     2 ||     2
 Stab: Distracted        |       |       |     1 |     2 ||     3
  Eat: Chunk             |     6 |    14 |     9 |     7 ||    36
       Royal jelly       |       |     2 |     2 |       ||     4
       Bread ration      |       |       |       |     3 ||     3
Armor: Robe              |    25 |     7 |       |       ||    32
       Leather armour    |       |     8 |     9 |       ||    17
       Ring mail         |       |       |     5 |    21 ||    26
Dodge: Dodged            |    66 |    37 |    42 |    17 ||   162
